 Dungeon Crawl Stone Soup version 0.28-a0-983-g1de4e0787c (webtiles) character file.

Game seed: 10969548108844799648

7072 Engwar the Spear-Bearer (level 10, -7/88 HPs)
             Began as a Minotaur Fighter on Dec 3, 2021.
             Was a High Priest of Ignis.
             Mangled by a vampire mosquito (10 damage)
             ... on level 10 of the Dungeon.
             The game lasted 00:36:33 (11442 turns).

Engwar the Spear-Bearer (Minotaur Fighter)         Turns: 11442, Time: 00:36:33

Health: -7/88      AC: 14    Str: 23    XL:     10   Next: 84%
Magic:  18/18      EV:  7    Int:  7    God:    Ignis [*****.]
Gold:   438        SH:  8    Dex: 10    Spells: 9/9 levels left

rFire   + . .      SeeInvis .   r - +1 trident "Jarim" {vorpal, rC+++ rCorr MP+9 Stlth-}
rCold   + + +      Faith    .   g - +0 kite shield
rNeg    . . .      Spirit   .   o - +0 chain mail
rPois   .          Reflect  .   (helmet restricted)
rElec   .          Harm     .   B - +1 cloak
rCorr   +          Rampage  .   k - +0 pair of gloves
Will    .....                   (no boots)
Stlth   ..........              (no amulet)
HPRegen 0.24/turn               e - ring of protection from cold
MPRegen 0.16/turn               (no ring)

@: rising, flying
A: horns 2, retaliatory headbutt
a: Renounce Religion, Fiery Armour, Foxfire Swarm


You were on level 10 of the Dungeon.
You worshipped Ignis.
Ignis was extremely pleased with you.
You visited 2 branches of the dungeon, and saw 11 of its levels.

You collected 438 gold pieces.

Inventory:

Hand Weapons
 a - a +1 long sword
 r - the +1 trident "Jarim" (weapon) {vorpal, rC+++ rCorr MP+9 Stlth-}
   (You found it on level 6 of the Dungeon)

   It inflicts extra damage upon your enemies.
   rC:        It renders you almost immune to cold.
   MP:        It affects your magic capacity (+9).
   rCorr:     It protects you from acid and corrosion.
   Stlth:     It makes you less stealthy.
 z - the +12 long sword of Fear {freeze, *Rage Fly rN+ Int+4}
   (You took it off an orc on level 8 of the Dungeon)

   It freezes those it strikes, dealing additional cold damage.
   It can also slow down cold-blooded creatures.
   Int:       It affects your intelligence (+4).
   rN:        It protects you from negative energy.
   Fly:       It grants you flight.
   *Rage:     It berserks you when you make melee attacks (+20% chance).
Armour
 c - a +1 buckler
 g - a +0 kite shield (worn)
 k - a +0 pair of gloves (worn)
 o - a +0 chain mail (worn)
 B - a +1 cloak (worn)
Jewellery
 e - a ring of protection from cold (left hand)
 t - a ring of flight
 x - an amulet of regeneration
Wands
 d - a wand of iceblast (5)
 q - a wand of flame (31)
 s - a wand of digging (5)
 y - a wand of polymorph (14)
Scrolls
 b - a scroll of fog {unknown}
 h - 5 scrolls of teleportation
 i - 2 scrolls of identify
 u - a scroll of blinking
 v - 2 scrolls of amnesia
 A - 2 scrolls of acquirement {unknown}
 C - 2 scrolls of magic mapping
Potions
 f - a potion of lignification
 j - a potion of brilliance {unknown}
 l - a potion of degeneration {unknown}
 m - 2 potions of flight {unknown}
 n - a potion of curing {unknown}
 p - a potion of heal wounds
 w - a potion of attraction {unknown}


   Skills:
 - Level 8.2 Fighting
 - Level 10.0 Long Blades
 - Level 12.9 Polearms
 - Level 8.1 Armour
 - Level 4.0 Dodging
 + Level 4.8 Shields


You had 9 spell levels left.
You didn't know any spells.
Your spell library contained the following spells:

 Spells                   Type           Power      Damage    Failure   Level
 Ensorcelled Hibernation  Hex/Ice        0%         N/A       100%        2
 Passwall                 Tmut/Erth      0%         N/A       100%        2
 Spider Form              Tmut/Pois      0%         N/A       100%        3
 Swiftness                Air            0%         N/A       100%        3
 Animate Armour           Summ/Erth      0%         N/A       100%        4
 Ice Form                 Ice/Tmut       0%         N/A       100%        4
 Summon Ice Beast         Ice/Summ       0%         N/A       100%        4
 Blade Hands              Tmut           0%         N/A       100%        5
 Summon Mana Viper        Hex/Summ       0%         N/A       100%        5
 Iron Shot                Conj/Erth      0%         9d1       100%        6
 Monstrous Menagerie      Summ           0%         N/A       100%        7
 Infestation              Necr           0%         N/A       100%        8


Dungeon Overview and Level Annotations

Branches:
Dungeon (9/15)             Temple (1/1) D:4            Lair (0/6) D:9
    Orc (0/2) D:9

Altars:
Ashenzari
Cheibriados
Dithmenos
Elyvilon
Fedhas
Gozag
Hepliaklqana
Kikubaaqudgha
Makhleb
Nemelex Xobeh
Okawaru
Qazlal
Ru
Sif Muna
Trog
Uskayaw
Vehumet
Wu Jian
Xom
Yredelemnul
Zin
The Shining One
Ignis
Jiyva
Lugonu

Portals:
Abyss: D:3

Annotations:
D:3 2 runed translucent doors
D:9 2 transporters


Innate Abilities, Weirdness & Mutations

You have a pair of horns on your head.
You reflexively headbutt those who attack you in melee.


Message History

A vampire mosquito comes into view.
You miss something.
The vampire mosquito buzzes angrily.
You hear an angry buzzing noise.
Something hits you but does no damage. Something bites you.
Something draws strength from your injuries!
You puncture something! Something hits you!
Something bites you but does no damage.
You hit something.
A vampire mosquito comes into view.
Something hits you but does no damage. Something bites you but does no damage.
The vampire mosquito completely misses you.
A vampire mosquito comes into view.
You puncture something! Your headbutt misses something.
You block the vampire mosquito's attack.
Something draws life force from you.
You miss something. The vampire mosquito bites you.
The vampire mosquito draws strength from your injuries!
The vampire mosquito bites you.
The vampire mosquito draws strength from your injuries!
You miss something.
The vampire mosquito bites you but does no damage.
Something draws life force from you!
* * * LOW HITPOINT WARNING * * *
The vampire mosquito bites you but does no damage.
You puncture something! You headbutt something.
The vampire mosquito bites you but does no damage.
Something draws life force from you!
* * * LOW HITPOINT WARNING * * *
The vampire mosquito barely misses you. You furiously retaliate!
You headbutt the vampire mosquito.
You begin to rise into the air.
The vampire mosquito closely misses you.
You furiously retaliate!
You headbutt the vampire mosquito!
You block the vampire mosquito's attack.
You block something's attack. Something bites you!
* * * LOW HITPOINT WARNING * * *
Something draws strength from your injuries!
The vampire mosquito bites you but does no damage.
The vampire mosquito bites you!
You die...

. . . .## ...
#.# ....
..###....
##..#..... .
#....>.# ...
##y@{!.#
#..###.yy...##.
#...............
#.#.>.#......##.
......####......
....##. .#.....
... .. .#.....
.. #.. ....### .
### . #


You could see 3 vampire mosquitoes.

Vanquished Creatures
  3 two-headed ogres
  Prince Ribbit (D:9)
  5 yaks (D:6)
  A wyvern (D:6)
  Duvessa (D:5)
  3 water moccasins
  4 black bears
  2 ice beasts
  An orc warrior (D:9)
  3 ogres
  4 centaurs
  Blork the orc (D:5)
  A bullfrog (D:7)
  2 kobold brigands
  3 gnoll sergeants
  4 scorpions
  A wyvern skeleton (D:5)
  A water moccasin zombie (D:5)
  Dowan (D:5)
  5 wights (D:8)
  A centaur zombie (D:9)
  A jelly (D:5)
  4 orc priests
  2 centaur skeletons
  A gnoll shaman (D:8)
  6 hounds
  2 bullfrog skeletons (D:5)
  6 iguanas (D:5)
  11 orc wizards
  A statue (D:7)
  A hound skeleton (D:4)
  2 howler monkey zombies
  13 gnolls
  A howler monkey skeleton (D:5)
  9 adders
  A shadow imp (D:5)
  A white imp (D:5)
  An ufetubus (D:5)
  A worm (D:5)
  2 dart slugs
  34 orcs
  5 endoplasms
  3 giant cockroaches
  7 goblins
  10 hobgoblins
  6 jackals
  2 quokkas
  6 ball pythons
  2 bats (D:1)
  4 frilled lizards (D:1)
  16 kobolds
  7 rats
216 creatures vanquished.

Vanquished Creatures (collateral kills)
  A black bear (D:5)
  A necrophage (D:5)
  A bullfrog zombie (D:5)
  A centaur zombie (D:5)
  A killer bee zombie (D:5)
  An adder (D:5)
  3 orcs (D:5)
9 creatures vanquished.

Vanquished Creatures (others)
  6 fungi (D:9)
  3 plants (D:9)
9 creatures vanquished.

Grand Total: 234 creatures vanquished

Notes
Turn   | Place    | Note
-------+----------+-------------------------------------------
     0 | D:1      | Engwar the Minotaur Fighter began the quest for the Orb.
     0 | D:1      | Reached XP level 1. HP: 19/19 MP: 0/0
   147 | D:1      | Reached XP level 2. HP: 21/26 MP: 1/1
   333 | D:1      | Found a faded altar of an unknown god.
   351 | D:1      | Prayed at the altar of an unknown god.
   351 | D:1      | Became a worshipper of Ignis, the Dying Flame
   942 | D:1      | Reached XP level 3. HP: 31/31 MP: 2/2
  1318 | D:2      | Found a shadowy altar of Dithmenos.
  1553 | D:2      | Reached skill level 5 in Long Blades
  2097 | D:2      | Reached XP level 4. HP: 28/39 MP: 3/3
  2633 | D:4      | Reached XP level 5. HP: 38/45 MP: 4/4
  2867 | D:3      | Found a one-way gate to the infinite horrors of the Abyss.
  2959 | D:3      | Found a large runed translucent door.
  2961 | D:3      | Found a large runed translucent door.
  2966 | D:3      | Found a corrupted altar of Lugonu.
  3433 | D:4      | Noticed an angel
  3434 | D:4      | Found a glowing silver altar of Zin.
  3436 | D:4      | Found a shimmering altar of Xom.
  3474 | D:4      | Found a blossoming altar of Fedhas.
  3849 | D:4      | Found a staircase to the Ecumenical Temple.
  3957 | D:4      | Noticed a black bear
  3965 | D:4      | Killed a black bear
  3966 | D:4      | Reached XP level 6. HP: 17/51 MP: 5/5
  4487 | Temple   | Entered the Ecumenical Temple
  4619 | D:5      | Entered Level 5 of the Dungeon
  4632 | D:5      | Reached skill level 5 in Fighting
  4635 | D:5      | Reached XP level 7. HP: 50/61 MP: 6/6
  5179 | D:5      | Reached skill level 5 in Armour
  5224 | D:5      | Noticed Blork the orc
  5245 | D:5      | Killed Blork the orc
  5361 | D:5      | Reached XP level 8. HP: 58/70 MP: 7/7
  5428 | D:5      | Noticed a two-headed ogre
  5455 | D:5      | Killed a two-headed ogre
  5456 | D:5      | Reached skill level 10 in Long Blades
  5524 | D:5      | Noticed Dowan
  5944 | D:5      | Noticed Duvessa
  5952 | D:5      | Killed Duvessa
  6050 | D:5      | Killed Dowan
  6051 | D:5      | Reached skill level 1 in Dodging
  6051 | D:5      | Reached XP level 9. HP: 60/81 MP: 8/8
  6405 | D:5      | Found a sacrificial altar of Ru.
  6480 | D:5      | Found a white marble altar of Elyvilon.
  6542 | D:6      | Identified the +1 trident "Jarim" {vorpal, rC+++ rCorr MP+9
                  | Stlth-}
  6609 | D:6      | Found a sparkling altar of Nemelex Xobeh.
  6984 | D:6      | Found a burning altar of Makhleb.
  6991 | D:6      | Reached skill level 2 in Polearms
  7182 | D:6      | Found an ornate altar of the Wu Jian Council.
  7184 | D:6      | Found an iron altar of Okawaru.
  7216 | D:6      | Reached skill level 3 in Polearms
  7268 | D:6      | Reached skill level 4 in Polearms
  7279 | D:6      | Reached skill level 5 in Polearms
  7288 | D:6      | Reached skill level 6 in Polearms
  7295 | D:6      | Reached skill level 7 in Polearms
  7785 | D:6      | Reached skill level 8 in Polearms
  7804 | D:6      | Found a basalt altar of Yredelemnul.
  8156 | D:7      | Noticed a two-headed ogre
  8164 | D:7      | Killed a two-headed ogre
  8165 | D:7      | Reached skill level 9 in Polearms
  8165 | D:7      | Reached XP level 10. HP: 69/88 MP: 9/9
  8584 | D:7      | Reached skill level 10 in Polearms
  8928 | D:7      | Got the Handbook of Glacial Evil
  9013 | D:7      | Found a radiant altar of Vehumet.
  9295 | D:8      | Noticed a two-headed ogre
  9326 | D:8      | Reached skill level 11 in Polearms
  9329 | D:8      | Killed a two-headed ogre
  9719 | D:8      | Reached skill level 12 in Polearms
 10223 | D:8      | Identified the +12 long sword of Fear {freeze, *Rage Fly
                  | rN+ Int+4}
 10509 | D:9      | Found a viscous altar of Jiyva.
 10510 | D:9      | Noticed a great orb of eyes
 10534 | D:9      | Found a transporter.
 10542 | D:9      | Found a transporter.
 10638 | D:9      | Noticed Prince Ribbit
 10658 | D:9      | Killed Prince Ribbit
 10703 | D:9      | Found a staircase to the Orcish Mines.
 11082 | D:9      | Found a staircase to the Lair.
 11418 | D:9      | You fall into a shaft and drop 1 floor!
 11418 | D:10     | Entered Level 10 of the Dungeon
 11442 | D:10     | HP: 3/88 [something (7)]
 11442 | D:10     | Mangled by a vampire mosquito

Illustrated notes

Levels and vault maps discovered:
D:1:      minmay_arrival_stone_box, layout_loops_corners,
          ebering_ecumenical_altar_webs
D:2:      layout_loops_ring, basic_altar
D:3:      due_chaos_kobolds, layout_basic, uniq_crazy_yiuf_cottage
D:4:      layout_loops_corners, grunt_temple_overflow_order_and_chaos_1,
          fedhas_altar_fruit_tree, temple_statues
D:5:      layout_cave_pools, lemuel_tele_altar, nicolae_ru_path_of_blood,
          nzn_random_ring, uniq_duvessa, uniq_blork_the_orc
D:6:      layout_cave_pods, nemelex_diamond_rough_becter,
          mainiacjoe_overflow_alcove_1, minitemple, minivault_5
D:7:      layout_cave_pools, vehumet_statue
D:8:      layout_loops_ring, dk_rats_in_the_wall
D:9:      gammafunk_jiyva_shrine, layout_cave_pods,
          grunt_lair_entry_orc_guard_hut, orc_0_dummy, uniq_prince_ribbit1
D:10:     layout_cave_pools, serial_shops, nicolae_shop_advertising_works
          [nicolae_subvault_shop_adworks]
Temple:   kb_corrupted_temple

Skill      XL: |  1  2  3  4  5  6  7  8  9 10 |
---------------+-------------------------------+-----
Long Blades    | 3 4 5 6 8 9 10 | 10.0
Fighting       | 5 6 8 |  8.2
Shields        | 4 |  4.8
Armour         | 5 8 |  8.1
Dodging        | 1 4 |  4.0
Polearms       | 9 12 | 12.9

Action                   |  1- 3 |  4- 6 |  7- 9 | 10-12 || total
-------------------------+-------+-------+-------+-------++-------
Melee: Long sword        |   103 |    81 |   182 |       ||   366
       Headbutt          |    11 |     8 |    52 |    41 ||   112
       Trident           |       |       |    85 |   282 ||   367
 Fire: Hunting sling     |       |       |     2 |       ||     2
Invok: Rising Flame      |       |       |       |     1 ||     1
  Use: Potion            |       |     2 |     3 |       ||     5
       Scroll            |       |     8 |     2 |     1 ||    11
Armor: Scale mail        |    46 |    36 |    21 |       ||   103
       Chain mail        |       |       |    74 |   107 ||   181
       Skin              |       |       |     7 |       ||     7
Dodge: Dodged            |    29 |    48 |    71 |    69 ||   217
Block: Buckler           |    19 |    18 |    47 |    38 ||   122
       Kite shield       |       |       |       |    14 ||    14

Table legend: (Time is in decaauts)
 A = Elapsed time spent in this place.
 B = Non-inter-level travel time spent in this place.
 C = Inter-level travel time spent in this place.
 D = Time resting spent in this place.
 E = Time spent auto-exploring this place.
 F = Levels seen in this place.
 G = Mean time per level.
                   A        B        C        D        E       F      G
               +--------+--------+--------+--------+--------+-----+--------+
         Total |  11380 |  10978 |    402 |   1948 |   6985 |  11 | 1034.5 |
       Dungeon |  11267 |  10883 |    384 |   1948 |   6906 |  10 | 1126.7 |
        Temple |    113 |     95 |     18 |      0 |     79 |   1 |  113.0 |
               +--------+--------+--------+--------+--------+-----+--------+

Top non-repeatable levels by time:
     D:5: 1887 daAuts
     D:6: 1557 daAuts
     D:8: 1303 daAuts
     D:1: 1277 daAuts
     D:4: 1274 daAuts
     D:3: 1140 daAuts
     D:7: 1011 daAuts
     D:9: 953 daAuts
     D:2: 840 daAuts
  Temple: 113 daAuts
    D:10: 21 daAuts
